 Dungeon Crawl Stone Soup version 0.27-a0-1325-g58a489a (webtiles) character file.

Game seed: 11100203237705675600

10465 HDogLeCool the Spear-Bearer (level 11, -1/89 HPs)
             Began as a Demonspawn Gladiator on June 24, 2021.
             Was an Elder of Makhleb.
             Slain by an orc knight (12 damage)
             ... on level 10 of the Dungeon.
             The game lasted 00:31:32 (13775 turns).

HDogLeCool the Spear-Bearer (Demonspawn Gladiator) Turns: 13775, Time: 00:31:33

Health: -1/89      AC: 22    Str: 18    XL:     11   Next: 36%
Magic:  14/14      EV: 10    Int:  9    God:    Makhleb [****..]
Gold:   668        SH:  0    Dex: 15    Spells: 9/10 levels left

rFire    + . .     SeeInvis .   a - +1 trident (spect)
rCold    . . .     Faith    .   (no shield)
rNeg     . . .     Spirit   .   E - +3 chain mail
rPois    .         Reflect  .   (helmet restricted)
rElec    .         Harm     .   k - +0 cloak
rCorr    .         Rampage  .   (no gloves)
Will     .....                  B - +0 pair of boots
Stlth    ..........             (no amulet)
HPRegen  0.24/turn              D - ring of protection from fire
MPRegen  0.28/turn              (no ring)

@: sanguine armoured
A: antennae 2, foul stench 1, magic regeneration, sanguine armour 2
a: Renounce Religion, Minor Destruction, Lesser Servant of Makhleb, Major
Destruction


You were on level 10 of the Dungeon.
You worshipped Makhleb.
Makhleb was greatly pleased with you.
You visited 1 branch of the dungeon, and saw 10 of its levels.
You also visited: Bailey.

You collected 668 gold pieces.

Inventory:

Hand Weapons
 a - a +1 spectral trident (weapon)
Missiles
 d - 4 throwing nets (quivered)
 n - 11 atropa-tipped darts
Armour
 b - a +0 leather armour
 c - a +0 helmet
 k - a +0 cloak (worn)
 l - a +0 scale mail
 y - a +0 chain mail
 B - a +0 pair of boots (worn)
 E - a +3 chain mail (worn)
Jewellery
 D - a ring of protection from fire (left hand)
Wands
 r - a wand of charming (6)
 v - a wand of acid (15)
Scrolls
 f - 5 scrolls of identify
 g - a scroll of enchant armour {unknown}
 m - 4 scrolls of enchant weapon
 o - 4 scrolls of teleportation
 t - 6 scrolls of amnesia
 C - a scroll of brand weapon
 F - a scroll of immolation {unknown}
Potions
 e - 2 potions of degeneration
 h - 3 potions of heal wounds
 i - 2 potions of magic {unknown}
 j - a potion of resistance {unknown}
 p - a potion of curing {unknown}
 q - 4 potions of brilliance
 s - a potion of berserk rage {unknown}
 u - a potion of lignification {unknown}
 x - a potion of haste {unknown}
 z - a potion of cancellation {unknown}
 A - a potion of attraction {unknown}
Miscellaneous
 w - a piece from Xom's chessboard (15/15)


   Skills:
 + Level 9.0 Fighting
 * Level 11.6 Polearms
 - Level 2.0 Throwing
 + Level 8.6 Dodging
 - Level 5.0 Invocations


You had 9 spell levels left.
You knew the following spells:

 Your Spells              Type           Power      Damage    Failure   Level
a - Magic Dart            Conj           0%         1d3       100%        1

Your spell library contained the following spells:

 Spells                   Type           Power      Damage    Failure   Level
 Animate Skeleton         Necr           0%         N/A       100%        1
 Apportation              Tloc           0%         N/A       100%        1
 Corona                   Hex            0%         N/A       100%        1
 Foxfire                  Conj/Fire      0%         2x1d4     100%        1
 Freeze                   Ice            0%         1d3       100%        1
 Sandblast                Erth           0%         2d4       100%        1
 Shock                    Conj/Air       0%         1d3       100%        1
 Sting                    Tmut/Pois      0%         1d3       100%        1
 Summon Small Mammal      Summ           0%         N/A       100%        1
 Blink                    Tloc           N/A        N/A       100%        2
 Call Imp                 Summ           0%         N/A       100%        2
 Passwall                 Tmut/Erth      0%         N/A       100%        2
 Searing Ray              Conj           0%         3d3       100%        2
 Slow                     Hex            0%         N/A       100%        2
 Conjure Flame            Conj/Fire      0%         6-21      100%        3
 Dazzling Flash           Conj/Hex       0%         N/A       100%        3
 Frozen Ramparts          Ice            0%         1d2       100%        3
 Inner Flame              Hex/Fire       0%         N/A       100%        3
 Mephitic Cloud           Conj/Pois/Air  0%         N/A       100%        3
 Ozocubu's Armour         Ice            0%         N/A       100%        3
 Stone Arrow              Conj/Erth      0%         3d7       100%        3
 Fulminant Prism          Conj/Hex       0%         3d6       100%        4
 Hailstorm                Conj/Ice       0%         3d3       100%        4
 Iskenderun's Mystic Bla  Conj/Tloc      0%         2d3       100%        4
 Petrify                  Tmut/Erth      0%         N/A       100%        4
 Sticky Flame             Conj/Fire      0%         2d3       100%        4
 Fireball                 Conj/Fire      0%         3d3       100%        5
 Lee's Rapid Deconstruct  Erth           0%         3d5*      100%        5
 Metabolic Englaciation   Hex/Ice        0%         N/A       100%        5


Dungeon Overview and Level Annotations

Branches:
Dungeon (10/15)            Temple (0/1) D:4             Orc (0/2) D:10
 Bailey (visited)
   Lair: D:8-11

Altars:
Gozag
Makhleb
Okawaru
Ru
Sif Muna
Trog
Uskayaw
Zin
The Shining One

Annotations:
D:6 2 transporters, vykuza's ghost, novice MiHu


Innate Abilities, Weirdness & Mutations

You have a pair of antennae on your head.
You may rarely emit foul miasma when damaged in melee.
You regenerate magic rapidly.
When seriously injured, your bleeding wounds create thick armour. (AC +9)


Message History

Your spectral +1 spectral trident hits the troll from afar!
The troll misses you. The troll claws you.
The troll claws you but does no damage.
The orc knight hits you from afar with a +0 halberd!
You hit the troll.
The troll is heavily wounded.
Your spectral +1 spectral trident hits the troll from afar!
The troll bites you!
Your blood congeals into armour.
The troll misses you. The troll claws you.
The orc knight hits you but does no damage.
You hit the troll but do no damage.
The troll is severely wounded.
Your spectral +1 spectral trident hits the troll from afar!
The troll bites you but does no damage. The troll barely misses you.
The troll claws you but does no damage.
You hit the troll.
You kill the troll!
Makhleb accepts your kill.
The orc knight hits you from afar with a +0 halberd!
You are too injured to fight recklessly!
You are too injured to fight recklessly!
You are too injured to fight recklessly!
You are too injured to fight recklessly!
You are too injured to fight recklessly!
You barely miss the steam dragon.
Your spectral +1 spectral trident hits the steam dragon from afar!
The orc knight completely misses you. The steam dragon closely misses you.
The steam dragon claws you.
A demon appears!
You can no longer summon a greater servant of Makhleb.
The steam dragon breathes steam at you. The ball of steam hits you. You resist.
* * * LOW HITPOINT WARNING * * *
The orc knight hits you from afar with a +0 halberd!
* * * LOW HITPOINT WARNING * * *
You hear an angry hiss.
You hear a shout!
The steam dragon closely misses you. x2
The orc knight hits you but does no damage.
The orc knight hits you from afar with a +0 halberd!
You die...

≈#######..#######≈#...#
#. ≈ #..).....#≈#...#
#... #.÷#)....#≈# #..#
#..#..##.#≈# #...
{#..#..#..#≈# ..<.#
+..#.§####≈# # . .....
####§§§§..≈#.#...
#####. #..§4§.≈......
#..§§.@≈......
#####D#≈.###..
......†o#≈.#
.......)#≈.#
#..###..#≈.# #. #..#≈.#
...#≈.# ####≈.#


You could see an orc knight, a steam dragon (catching breath, ally target) and a
friendly hellwing (summoned).

Vanquished Creatures
  A boulder beetle (D:10)
  A two-headed ogre (D:10)
  2 unseen horrors (D:10)
  Grinder (D:3)
  3 trolls
  A vampire (D:9)
  2 wyverns (D:7)
  15 yaks
  Menkaure (D:4)
  2 water moccasins (D:7)
  12 orc warriors
  2 necrophages
  A black bear (D:5)
  11 centaurs
  An ogre (D:6)
  3 bullfrogs
  A gnoll sergeant (D:10)
  2 scorpions
  A wyvern skeleton (D:7)
  A water moccasin skeleton (D:5)
  5 wights
  6 howler monkeys
  4 centaur zombies
  2 hounds
  5 orc priests
  2 jellies
  A gnoll shaman (D:10)
  4 orc wizards
  2 iguanas
  A killer bee zombie (D:6)
  3 howler monkey zombies
  16 gnolls
  6 adders
  2 shadow imps
  2 white imps
  An adder skeleton (D:4)
  A dart slug (D:1)
  46 orcs
  7 bats
  5 endoplasms
  2 giant cockroaches
  5 hobgoblins
  6 jackals
  6 kobolds
  2 quokkas
  7 ball pythons
  6 frilled lizards
  A goblin (D:2)
  6 rats
226 creatures vanquished.

Vanquished Creatures (collateral kills)
  An ice beast (D:5)
  An orc warrior (Bailey)
  A black bear (D:5)
  An ogre (D:5)
  A centaur (Bailey)
  A gnoll sergeant (D:8)
  A water moccasin zombie (D:5)
  A scorpion (D:5)
  A jelly (D:5)
  A water moccasin skeleton (D:5)
  An orc (D:5)
  A jackal (D:5)
12 creatures vanquished.

Vanquished Creatures (others)
  6 plants (D:6)
6 creatures vanquished.

Grand Total: 244 creatures vanquished

Notes
Turn   | Place    | Note
-------+----------+-------------------------------------------
     0 | D:1      | HDogLeCool the Demonspawn Gladiator began the quest for the
                  | Orb.
     0 | D:1      | Reached XP level 1. HP: 16/16 MP: 1/1
   161 | D:1      | Found a faded altar of an unknown god.
   205 | D:1      | Became a worshipper of Makhleb the Destroyer
   205 | D:1      | Reached * piety under Makhleb
   397 | D:1      | Gained mutation: When seriously injured, your bleeding
                  | wounds create armour. (AC +9) [demonic ancestry]
   397 | D:1      | Reached XP level 2. HP: 22/22 MP: 2/2
   517 | D:1      | Reached skill level 3 in Polearms
   896 | D:2      | Reached ** piety under Makhleb
   899 | D:2      | Learned a level 1 spell: Magic Dart
   989 | D:2      | Reached XP level 3. HP: 28/28 MP: 3/3
  1347 | D:2      | Reached skill level 1 in Invocations
  1575 | D:3      | Gained mutation: When seriously injured, your bleeding
                  | wounds create thick armour. (AC +9) [demonic ancestry]
  1575 | D:3      | Reached XP level 4. HP: 30/34 MP: 4/4
  1843 | D:3      | HP: 1/34 [orc (5)]
  2482 | D:3      | Noticed Grinder
  2527 | D:3      | Paralysed by Grinder for 4 turns
  2635 | D:3      | Paralysed by Grinder for 4 turns
  2662 | D:3      | Paralysed by Grinder for 7 turns
  2787 | D:3      | Paralysed by Grinder for 2 turns
  2870 | D:4      | Found a staircase to the Ecumenical Temple.
  3109 | D:4      | Reached XP level 5. HP: 35/40 MP: 6/6
  3112 | D:4      | Reached *** piety under Makhleb
  3175 | D:4      | Noticed Menkaure
  3187 | D:4      | Killed Menkaure
  3188 | D:4      | Reached skill level 4 in Polearms
  3487 | D:4      | Gained mutation: You regenerate magic rapidly. [demonic
                  | ancestry]
  3487 | D:4      | Reached XP level 6. HP: 37/47 MP: 8/8
  3817 | D:5      | Entered Level 5 of the Dungeon
  4487 | D:5      | Found a shimmering blue altar of Sif Muna.
  4515 | D:5      | Noticed an ice beast
  4530 | D:5      | Killed an ice beast
  4531 | D:5      | Reached skill level 5 in Polearms
  4531 | D:5      | Reached XP level 7. HP: 34/53 MP: 9/9
  4744 | D:5      | Reached skill level 5 in Invocations
  5420 | D:6      | Reached skill level 6 in Polearms
  5420 | D:6      | Gained mutation: You may rarely emit foul miasma when
                  | damaged in melee. [demonic ancestry]
  5420 | D:6      | Reached XP level 8. HP: 53/61 MP: 11/11
  5677 | D:6      | Found a transporter.
  5855 | D:6      | Reached skill level 5 in Dodging
  5961 | D:6      | Noticed vykuza's ghost (novice MiHu)
  5984 | D:6      | Found a transporter.
  6600 | D:7      | Reached skill level 5 in Fighting
  6718 | D:7      | Reached skill level 7 in Polearms
  6842 | D:7      | Reached XP level 9. HP: 30/68 MP: 12/12
  7261 | D:7      | Reached skill level 8 in Polearms
  7995 | D:5      | Found a shimmering blue altar of Sif Muna.
  8384 | D:4      | Found a staircase to the Ecumenical Temple.
  9030 | D:3      | Killed Grinder
  9051 | D:3      | Identified Witchcraft, Part One
  9395 | D:8      | Reached **** piety under Makhleb
  9796 | D:8      | Found an opulent altar of Gozag.
 10194 | D:9      | Reached skill level 9 in Polearms
 10219 | D:9      | Gained mutation: You have a pair of small antennae on your
                  | head. [demonic ancestry]
 10219 | D:9      | Reached XP level 10. HP: 38/79 MP: 13/13
 10492 | D:9      | Found a flagged portal.
 10527 | Bailey   | Entered a bailey
 10565 | Bailey   | Reached skill level 10 in Polearms
 12346 | D:9      | Found a sacrificial altar of Ru.
 12350 | D:9      | Found a bloodstained altar of Trog.
 12353 | D:9      | Found an iron altar of Okawaru.
 12503 | D:9      | Found a hide-covered altar of Uskayaw.
 12771 | D:10     | Entered Level 10 of the Dungeon
 13039 | D:10     | Found a staircase to the Orcish Mines.
 13104 | D:10     | Reached skill level 11 in Polearms
 13174 | D:10     | Gained mutation: You have a pair of antennae on your head.
                  | [demonic ancestry]
 13174 | D:10     | Reached XP level 11. HP: 36/87 MP: 14/14
 13472 | D:10     | Noticed a two-headed ogre
 13479 | D:10     | Noticed a boulder beetle
 13494 | D:10     | Killed a two-headed ogre
 13494 | D:10     | Reached ***** piety under Makhleb
 13512 | D:10     | HP: 1/87 [boulder beetle (15)]
 13514 | D:10     | Killed a boulder beetle
 13758 | D:10     | Noticed an orc knight
 13775 | D:10     | Slain by an orc knight

Illustrated notes

Levels and vault maps discovered:
D:1:      dpeg_arrival_radiant, layout_basic, ebering_ecumenical_altar_mist,
          amcnicky_mini_rare_corridor_liquid
D:2:      layout_basic, chequers_serial_rivers_small_a
D:3:      layout_loops_cross, hangedman_abyss_or_decor_lesser_grid, uniq_grinder
D:4:      layout_loops_cross, minmay_temple_entry_sparse_star, uniq_menkaure
D:5:      layout_basic, lemuel_blue_sif_altar, minmay_diced_spiral
D:6:      layout_loops_ring, gammafunk_ghost_gnarly_gnolls
D:7:      layout_gridville
D:8:      layout_loops_ring, grunt_temple_overflow_gold_and_silver,
          hangedman_decor_lopped
D:9:      layout_loops_cross, lemuel_coloured_pillars_altar, lemuel_tele_altar,
          minmay_overflow_temple_star_quad, enter_bailey_6
D:10:     cheibrodos_ideogram_h, layout_stronghold,
          nicolae_elyvilon_temple_path, david_orc_3

Skill      XL: |  1  2  3  4  5  6  7  8  9 10 11 |
---------------+----------------------------------+-----
Throwing       | 2 |  2.0
Polearms       | 3 4 5 6 7 9 11 | 11.6
Dodging        | 3 4 5 7 8 |  8.6
Invocations    | 1 2 3 5 |  5.0
Fighting       | 3 4 5 7 8 9 |  9.0

Action                   |  1- 3 |  4- 6 |  7- 9 | 10-12 || total
-------------------------+-------+-------+-------+-------++-------
Melee: Trident           |   146 |   155 |   270 |   243 ||   814
Invok: Minor Destruction |       |     3 |       |       ||     3
       Lesser Servant of |       |     1 |     1 |     4 ||     6
  Use: Scroll            |       |       |    11 |       ||    11
       Potion            |       |       |     1 |     1 ||     2
 Stab: Distracted        |       |     1 |     4 |     5 ||    10
Armor: Leather armour    |    16 |       |       |       ||    16
       Scale mail        |    27 |    69 |    84 |    30 ||   210
       Chain mail        |       |       |       |    63 ||    63
Dodge: Dodged            |    77 |    61 |   109 |   107 ||   354

Table legend: (Time is in decaauts)
 A = Elapsed time spent in this place.
 B = Non-inter-level travel time spent in this place.
 C = Inter-level travel time spent in this place.
 D = Time resting spent in this place.
 E = Time spent auto-exploring this place.
 F = Levels seen in this place.
 G = Mean time per level.
                   A        B        C        D        E       F      G
               +--------+--------+--------+--------+--------+-----+--------+
         Total |  13776 |  12908 |    868 |   2725 |   8230 |  11 | 1252.4 |
       Dungeon |  12183 |  11315 |    868 |   2165 |   7539 |  10 | 1218.3 |
        Bailey |   1593 |   1593 |      0 |    560 |    690 |   1 | 1593.0 |
               +--------+--------+--------+--------+--------+-----+--------+

Top non-repeatable levels by time:
     D:5: 2163 daAuts
     D:4: 1763 daAuts
  Bailey: 1593 daAuts
     D:3: 1365 daAuts
     D:6: 1322 daAuts
     D:9: 1035 daAuts
    D:10: 981 daAuts
     D:2: 944 daAuts
     D:7: 939 daAuts
     D:8: 855 daAuts
     D:1: 812 daAuts
